 Dungeon Crawl Stone Soup version 0.29-a0-770-g2e8140cf71 (webtiles) character file.

Game seed: 9573783993199372113

132784 Essalna the Spry (level 17, -10/134 HPs)
             Began as a Djinni Conjurer on June 30, 2022.
             Was the Champion of Makhleb.
             Mangled by an alligator snapping turtle (27 damage)
             ... on level 4 of the Shoals on July 1, 2022.
             The game lasted 01:39:31 (41577 turns).

Essalna the Spry (Djinni Conjurer)                 Turns: 41577, Time: 01:39:32

Health: -10/134    AC:  8    Str:  6    XL:     17   Next: 70%
Gold:   1806       EV: 22    Int: 41    God:    Makhleb [******] SH: 10 Dex: 13

rFire   + + +      SeeInvis .   k - +7 spear of the Empty Page {freeze, Int+5 Stlth-}
rCold   + . .      Faith    .   M - +0 buckler
rNeg    + . .      Spirit   .   f - +0 leather armour "Ymatix Jopt" {rF+ rC++ rN+ rCorr}
rPois   ∞          Reflect  +   H - +1 helmet {Int+3}
rElec   .          Harm     .   E - +1 cloak
rCorr   +          Rampage  .   (no gloves)
Will    +....                   (boots unavailable)
Stlth   +++.......              P - amulet of reflection
HPRegen 0.32/turn               g - +6 ring of intelligence
MPRegen 0.00/turn               S - +4 ring of evasion

@: spewing sludge, flying, mesmerised
A: sickness immunity, fire resistance 2, cold vulnerability 1, float, innate
caster, HP casting, extra vitality 1
a: Renounce Religion, Minor Destruction, Lesser Servant of Makhleb, Major
Destruction, Greater Servant of Makhleb


You were on level 4 of the Shoals.
You worshipped Makhleb.
Makhleb was exalted by your worship.
You visited 5 branches of the dungeon, and saw 28 of its levels.
You also visited: Bailey and Ice Cave.

You collected 3522 gold pieces.
You spent 1716 gold pieces at shops.

Inventory:

Hand Weapons
 j - a +0 rapier of protection
 k - the +7 spear of the Empty Page (weapon) {freeze, Int+5 Stlth-}
   (You found it on level 2 of the Dungeon)

   It freezes those it strikes, dealing additional cold damage.
   It can also slow down cold-blooded creatures.
   Int:       It affects your intelligence (+5).
   Stlth:     It makes you less stealthy.
Missiles
 N - 2 throwing nets
Armour
 f - the +0 leather armour "Ymatix Jopt" (worn) {rF+ rC++ rN+ rCorr}
   (You found it on level 2 of the Dungeon)

   rF:        It protects you from fire.
   rC:        It greatly protects you from cold.
   rN:        It protects you from negative energy.
   rCorr:     It protects you from acid and corrosion.
 E - a +1 cloak (worn)
 H - a +1 helmet of intelligence (worn)
 K - a +1 pair of gloves of infusion
 M - a +0 buckler (worn)
Magical Staves
 G - a staff of death
Jewellery
 g - a +6 ring of intelligence (left hand)
 x - a ring of ice
 y - a ring of ice
 J - a +6 ring of strength
 O - an amulet of the acrobat
 P - an amulet of reflection (around neck)
 S - a +4 ring of evasion (right hand)
 T - the ring "Xirexim" {rC++ Slay+4}
   (You found it on level 6 of the Lair of Beasts)

   [ring of slaying]

   Slay:      It affects your accuracy & damage with ranged weapons and melee
   (+4).
   rC:        It greatly protects you from cold.
 U - a ring of willpower
Wands
 a - a wand of paralysis (8)
 A - a wand of mindburst (13)
 L - a wand of flame (21)
 Q - a wand of iceblast (17)
Scrolls
 d - 7 scrolls of identify
 h - 2 scrolls of enchant armour
 i - 6 scrolls of poison
 l - 4 scrolls of immolation {unknown}
 n - 24 scrolls of teleportation
 q - 2 scrolls of torment
 r - 6 scrolls of fear
 t - a scroll of summoning {unknown}
 v - 2 scrolls of enchant weapon {unknown}
 B - 5 scrolls of fog {unknown}
 C - 3 scrolls of silence {unknown}
 D - 7 scrolls of amnesia
 F - 7 scrolls of noise
 I - 8 scrolls of blinking
Potions
 b - 4 potions of ambrosia
 c - 3 potions of heal wounds
 e - 7 potions of brilliance
 m - a potion of resistance
 o - 7 potions of curing
 p - 10 potions of haste
 s - 4 potions of mutation
 u - 2 potions of cancellation
 w - 5 potions of invisibility
 z - 3 potions of might


   Skills:
 + Level 16.5 Fighting
 - Level 6.2 Armour
 + Level 17.2 Dodging
 - Level 9.0 Stealth
 - Level 4.0 Shields
 + Level 14.9 Spellcasting


You couldn't memorise any spells.
You knew the following spells:

 Your Spells              Type           Power      Damage    Failure   Level
a - Magic Dart            Conj           100%       1d8       0%          1
b - Searing Ray           Conj           100%       2d8       0%          2
c - Dazzling Flash        Conj/Hex       100%       N/A       0%          3
d - Fulminant Prism       Conj/Hex       50%        3d23      1%          4
e - Iskenderun's Mystic   Conj/Tloc      100%       2d19      1%          4
f - Summon Small Mammal   Summ           100%       N/A       0%          1
g - Passwall              Tmut/Erth      84%        N/A       0%          2
h - Mephitic Cloud        Conj/Pois/Air  100%       N/A       0%          3
i - Call Canine Familiar  Summ           100%       N/A       0%          3
j - Sticky Flame          Conj/Fire      100%       2d11      1%          4
k - Borgnjor's Vile Clut  Necr/Erth      50%        N/A       1%          5
l - Eringya's Noxious Bo  Tmut/Pois      50%        N/A       1%          6
m - Spellforged Servitor  Conj/Summ      50%        N/A       3%          7
Your spell library was empty.

Dungeon Overview and Level Annotations

Branches:
Dungeon (15/15)            Temple (1/1) D:4            Lair (6/6) D:10
 Shoals (4/4) Lair:2        Snake (0/4) Lair:2        Slime (0/5) Lair:6
    Orc (2/2) D:11            Elf (0/3) Orc:2        Vaults (0/5) D:13
 Depths (0/4) D:15         Bailey (visited)           IceCv (visited)

Altars:
Ashenzari
Cheibriados
Dithmenos
Elyvilon
Fedhas
Makhleb
Nemelex Xobeh
Ru
Sif Muna
Vehumet
Xom
Yredelemnul
Zin
Beogh
Jiyva

Shops:
D:10 ?   Orc:1 (   Orc:2 *:([

Annotations:
D:2 1 runed translucent door, Crazy Yiuf
D:9 2 transporters, hcgyg4s's ghost, novice DsFi


Innate Abilities, Weirdness & Mutations

You are immune to sickness and miasma.
You are immune to poison.
Your flesh is very heat resistant. (rF++)
You are vulnerable to cold. (rC-)
You float through the air rather than walking.
You learn spells naturally, not from books.
Your magical power is your life essence.
You have superior vitality. (+4 MHP)


Message History

You erupt in a blast of force!
The mystic blast hits the merfolk aquamancer!!
The merfolk aquamancer is moderately wounded.
The merfolk aquamancer is knocked back by the mystic blast.
The mystic blast hits the merfolk!
You kill the merfolk!
Makhleb accepts your kill.
You feel better.
The mystic blast hits the wind drake!!
You kill the wind drake!
Makhleb accepts your kill.
* * * LOW HITPOINT WARNING * * *
The pull of its song draws you forwards.
The merfolk avatar chants its luring song.
The alligator snapping turtle barely misses you.
The merfolk avatar chants its luring song.
The alligator snapping turtle misses you.
Casting: Iskenderun's Mystic Blast (safe; 1% risk of failure)
Confirm with . or Enter, or press ? or * to list all spells.
Casting: Eringya's Noxious Bog (mildly dangerous; 1% risk of failure)
Press: ? - help, Dir - look around, f - activate You spew toxic sludge!
* * * LOW HITPOINT WARNING * * *
The merfolk avatar festers in the toxic bog!
The merfolk avatar looks as sick as possible!
The merfolk avatar chants its luring song.
The alligator snapping turtle festers in the toxic bog!!
The alligator snapping turtle looks as sick as possible!
The alligator snapping turtle bites you from afar!
* * * LOW HITPOINT WARNING * * *
The merfolk avatar festers in the toxic bog!
The merfolk avatar looks as sick as possible!
The merfolk avatar chants its luring song.
The merfolk aquamancer festers in the toxic bog!
The merfolk aquamancer looks as sick as possible!
The merfolk avatar festers in the toxic bog!
The merfolk avatar looks as sick as possible!
The alligator snapping turtle festers in the toxic bog!
The alligator snapping turtle looks as sick as possible!
The alligator snapping turtle bites you from afar!!
You die...

..≈≈≈...## #..#
.........##+##...##
≈.................##'
........<..........§≈
≈≈...≈≈)≈≈)†)$.....≈≈
≈≈...≈≈≈≈≈≈≈≈≈.....≈≈
≈≈≈≈≈≈≈≈≈≈≈t≈≈.....≈≈
≈≈≈..≈≈≈≈≈)≈≈≈...≈≈≈≈
≈....≈m≈≈≈≈@≈≈.†≈≈≈§≈
####.≈≈≈≈≈≈≈≈≈≈≈≈≈≈≈≈
##.=≈≈≈≈≈≈≈.≈≈≈≈≈≈
#.≈≈≈≈≈≈≈≈≈≈≈≈≈≈≈
#.≈≈≈≈≈≈m≈≈≈≈≈≈≈≈
#.....≈≈≈≈≈≈≈≈≈≈≈
#..≈.≈≈≈≈≈≈≈≈≈≈≈≈
....≈≈≈≈≈≈≈≈≈≈≈≈≈


You could see an alligator snapping turtle (extremely poisoned), a merfolk
avatar (mesmerising, extremely poisoned) and a merfolk aquamancer (extremely
poisoned).

Vanquished Creatures
  Jorgrun (Orc:1)
  Frances (D:14)
  2 krakens
  Ilsuiw (Shoals:3)
  An orc warlord (Orc:2)
  Louise (D:14)
  A stone giant (Shoals:3)
  Nessos (Lair:5)
  2 blizzard demons (IceCv)
  2 merfolk javelineers
  A merfolk impaler (Shoals:2)
  Josephine (D:11)
  A catoblepas (Lair:6)
  5 hydras
  2 boulder beetles
  2 merfolk avatars (Shoals:2)
  5 centaur warriors
  2 two-headed ogres
  2 alligator snapping turtles
  A merfolk aquamancer (Shoals:4)
  5 death yaks (Lair:6)
  A vampire mage (D:15)
  3 tengu warriors
  3 orc high priests (Orc:2)
  Amaemon (Lair:2)
  2 skeletal warriors (D:15)
  Sonja (Lair:2)
  A goliath frog (Lair:6)
  8 spriggan simulacra (IceCv)
  An obsidian statue (IceCv)
  7 sea snakes
  A shadow dragon zombie (D:15)
  A bog body (IceCv)
  10 harpies
  6 orc knights
  A necromancer (D:15)
  Pikel (D:6)
  14 manticores
  3 fauns (Shoals:1)
  2 ugly things (D:13)
  2 orc sorcerers (D:15)
  10 cyclopes
  An elephant (shapeshifter) (D:13)
  3 elephants (Lair:5)
  7 merfolk sirens
  6 water nymphs
  A fire giant skeleton (D:15)
  4 gargoyles
  2 torpor snails
  2 ice statues (Shoals:1)
  6 black mambas
  14 cane toads
  An orange demon (Lair:2)
  Maggie (D:6)
  6 rime drakes
  A rime drake (shapeshifter) (D:15)
  2 unseen horrors
  5 ice devils (IceCv)
  2 tengu conjurers (D:15)
  12 komodo dragons
  10 entropy weaver simulacra (IceCv)
  8 freezing wraiths (IceCv)
  2 anaconda simulacra (IceCv)
  A polar bear (Lair:3)
  20 merfolk
  4 wind drakes
  6 trolls
  3 tyrant leeches (Lair:6)
  2 hornets (D:10)
  30 blink frogs
  7 dream sheep (Lair:6)
  8 slime creatures
  10 snapping turtles
  A spriggan zombie (D:15)
  A jumping spider (shapeshifter) (D:13)
  6 water elementals
  2 vampires
  4 shadows
  6 wraiths
  2 dire elephant simulacra (IceCv)
  2 wyverns
  Eustachio (D:5)
  24 yaks
  4 basilisks
  3 steam dragons
  5 minotaur simulacra (IceCv)
  15 vampire mosquitoes
  Edmund (D:5)
  Menkaure (D:5)
  2 harpy simulacra (IceCv)
  6 wargs
  3 nagas (Lair:2)
  3 acid dragons
  A glowing shapeshifter zombie (D:15)
  A hydra simulacrum (IceCv)
  13 water moccasins
  27 orc warriors
  2 sky beasts
  2 black bears (D:6)
  An alligator simulacrum (IceCv)
  3 ice beasts
  An ettin simulacrum (IceCv)
  29 wolves
  7 ogres
  17 centaurs
  A phantom (D:6)
  A lemure (D:6)
  20 bullfrogs
  A gnoll sergeant (D:9)
  3 scorpions
  3 deep troll simulacra (IceCv)
  5 wights (D:8)
  4 killer bees (D:8)
  9 howler monkeys
  8 vampire bats (Bailey)
  5 wolf zombies (Bailey)
  2 electric eels
  4 jellies
  16 orc priests
  4 hounds
  A bouda (D:5)
  5 iguanas
  27 orc wizards
  2 hell rats (Lair:1)
  13 gnolls
  8 river rats (Lair:1)
  7 adders
  21 orc zombies (Bailey)
  2 shadow imps
  2 white imps
  5 worms
  3 dart slugs
  101 orcs
  7 endoplasms
  3 giant cockroaches
  14 goblins
  2 hobgoblins (D:2)
  6 jackals
  6 quokkas
  6 ball pythons
  5 bats
  5 frilled lizards
  4 kobolds
  5 rats
  4 tentacles
852 creatures vanquished.

Vanquished Creatures (others)
  10 fulminant prisms
  53 fungi
  193 plants
  12 tentacles
  9 withered plants (D:15)
277 creatures vanquished.

Grand Total: 1129 creatures vanquished

Notes
Turn   | Place    | Note
-------+----------+-------------------------------------------
     0 | D:1      | Essalna the Djinni Conjurer began the quest for the Orb.
     0 | D:1      | Essalna set off with the following spells memorised: Magic
                  | Dart, Searing Ray, Dazzling Flash, Fulminant Prism,
                  | Iskenderun's Mystic Blast.
     0 | D:1      | Reached XP level 1. HP: 15/15 MP: 0/0
   227 | D:1      | Reached XP level 2. HP: 20/22 MP: 0/0
   252 | D:1      | Reached skill level 1 in Fighting
   992 | D:1      | Found a faded altar of an unknown god.
  1036 | D:1      | Reached XP level 3. HP: 25/27 MP: 0/0
  1036 | D:1      | Learned a level 1 spell: Summon Small Mammal
  1460 | D:2      | Identified the +0 leather armour "Ymatix Jopt" {rF+ rC++
                  | rN+ rCorr}
  1719 | D:2      | Found a runed translucent door.
  1720 | D:2      | Noticed Crazy Yiuf
  1878 | D:2      | Identified the +7 spear of the Empty Page {freeze, Int+5
                  | Stlth-}
  2159 | D:2      | Found a blossoming altar of Fedhas.
  2488 | D:2      | Reached XP level 4. HP: 32/33 MP: 0/0
  3475 | D:3      | Reached XP level 5. HP: 29/40 MP: 0/0
  3475 | D:3      | Learned a level 2 spell: Passwall
  4515 | D:4      | Reached XP level 6. HP: 40/47 MP: 0/0
  5054 | D:4      | Reached XP level 7. HP: 48/53 MP: 0/0
  5054 | D:4      | Learned a level 3 spell: Mephitic Cloud
  5277 | D:4      | Found a staircase to the Ecumenical Temple.
  5286 | D:4      | Reached skill level 5 in Spellcasting
  5398 | Temple   | Entered the Ecumenical Temple
  5500 | Temple   | Became a worshipper of Makhleb the Destroyer
  5704 | D:5      | Entered Level 5 of the Dungeon
  5769 | D:5      | Reached skill level 5 in Fighting
  5972 | D:5      | Noticed Eustachio
  5997 | D:5      | Noticed Edmund
  6429 | D:5      | Reached XP level 8. HP: 58/60 MP: 0/0
  6519 | D:5      | Reached skill level 1 in Armour
  6519 | D:5      | Noticed Menkaure
  6568 | D:6      | Reached * piety under Makhleb
  6719 | D:5      | Killed Menkaure
  6720 | D:5      | Reached skill level 3 in Dodging
  6726 | D:5      | Killed Eustachio
  7053 | D:5      | Killed Edmund
  7375 | D:6      | Noticed Pikel
  7380 | D:6      | Killed Pikel
  7381 | D:6      | Reached skill level 4 in Dodging
  7381 | D:6      | Reached XP level 9. HP: 53/67 MP: 0/0
  7381 | D:6      | Learned a level 3 spell: Call Canine Familiar
  7736 | D:6      | Reached skill level 5 in Dodging
  7889 | D:6      | Noticed Maggie
  7899 | D:6      | Killed Maggie
  8262 | D:6      | Found a sparkling altar of Nemelex Xobeh.
  8815 | D:7      | Reached skill level 6 in Dodging
  8815 | D:7      | Reached XP level 10. HP: 60/75 MP: 0/0
  9081 | D:7      | Reached skill level 5 in Armour
  9436 | D:7      | You are sucked into a shaft and drop 3 floors!
  9436 | D:10     | Entered Level 10 of the Dungeon
  9473 | D:10     | Killed an unseen horror
  9645 | D:10     | Found Xuosaock's Magic Scroll Shoppe.
  9689 | D:10     | Noticed a two-headed ogre
  9695 | D:10     | Killed a two-headed ogre
  9714 | D:9      | Reached skill level 7 in Dodging
  9735 | D:8      | Found a flagged portal.
  9737 | D:8      | Reached ** piety under Makhleb
  9773 | Bailey   | Entered a bailey
 10520 | Bailey   | Reached *** piety under Makhleb
 10637 | Bailey   | Noticed a gargoyle
 10658 | Bailey   | Killed a gargoyle
 11239 | Bailey   | Found the +3 pair of mountain boots {steadfast, rC+}
 11243 | Bailey   | Identified the +3 plate armour of Depression {Harm Str+3}
 11596 | D:8      | Reached XP level 11. HP: 79/82 MP: 0/0
 11596 | D:8      | Learned a level 4 spell: Sticky Flame
 11616 | D:8      | Noticed a two-headed ogre
 11625 | D:8      | Killed a two-headed ogre
 11626 | D:8      | Reached skill level 8 in Dodging
 12554 | D:9      | Noticed hcgyg4s's ghost (novice DsFi)
 12554 | D:9      | Identified the +10 great mace "Cookie Cutter" {chaos, Fly
                  | rPois Str-3 Int+3}
 12554 | D:9      | Identified the +10 dire flail of Intimidation {holy, *Noise
                  | Will+ MP+9}
 12554 | D:9      | Noticed a two-headed ogre
 12554 | D:9      | Noticed a two-headed ogre
 12555 | D:9      | Noticed a two-headed ogre
 12558 | D:9      | Found a transporter.
 12558 | D:9      | Noticed a two-headed ogre
 12562 | D:9      | Noticed a two-headed ogre
 13082 | D:9      | Reached skill level 9 in Dodging
 13540 | D:9      | Found a transporter.
 13582 | D:10     | Found a staircase to the Lair.
 14847 | D:11     | Found a staircase to the Orcish Mines.
 14850 | D:11     | Reached **** piety under Makhleb
 14851 | D:11     | Reached skill level 1 in Shields
 15064 | D:11     | Reached skill level 10 in Fighting
 15161 | D:11     | Noticed Josephine
 15183 | D:11     | Killed Josephine
 15948 | D:11     | Reached XP level 12. HP: 79/91 MP: 0/0
 16275 | Lair:1   | Entered Level 1 of the Lair of Beasts
 16275 | Lair:1   | Noticed a six-headed hydra
 16282 | Lair:1   | Killed a six-headed hydra
 16385 | Lair:1   | Reached skill level 10 in Dodging
 16905 | Lair:1   | Reached ***** piety under Makhleb
 17528 | Lair:2   | Found a staircase to the Snake Pit.
 18295 | Lair:2   | Reached skill level 11 in Dodging
 18688 | Lair:2   | Found a staircase to the Shoals.
 18798 | Lair:2   | Reached XP level 13. HP: 26/99 MP: 0/0
 18798 | Lair:2   | Learned a level 5 spell: Borgnjor's Vile Clutch
 19222 | Lair:2   | Noticed Sonja
 19227 | Lair:2   | Killed Sonja
 19232 | Lair:2   | Noticed Amaemon
 19258 | Lair:2   | Killed Amaemon
 19794 | Lair:3   | Noticed a boulder beetle
 19810 | Lair:3   | Killed a boulder beetle
 20167 | Lair:3   | Reached skill level 10 in Spellcasting
 20275 | Lair:3   | Noticed a four-headed hydra
 20288 | Lair:3   | Killed a four-headed hydra
 20289 | Lair:3   | Reached skill level 12 in Dodging
 21499 | Lair:4   | Reached skill level 5 in Stealth
 22227 | Lair:5   | Reached XP level 14. HP: 97/108 MP: 0/0
 22364 | Lair:5   | Noticed Nessos
 22369 | Lair:5   | Killed Nessos
 23222 | Lair:6   | Entered Level 6 of the Lair of Beasts
 23222 | Lair:6   | Found a runed translucent door.
 23325 | Lair:6   | Identified the ring "Xirexim" {rC++ Slay+4}
 23352 | Lair:6   | Reached ****** piety under Makhleb
 23354 | Lair:6   | Reached skill level 13 in Dodging
 24226 | Lair:6   | Found a viscous altar of Jiyva.
 24226 | Lair:6   | Found a staircase to the Slime Pits.
 25613 | D:10     | Bought a scroll of acquirement for 676 gold pieces
 25616 | D:10     | Acquired 649 gold pieces
 25710 | Orc:1    | Entered Level 1 of the Orcish Mines
 25899 | Orc:2    | Entered Level 2 of the Orcish Mines
 26274 | Orc:2    | Reached XP level 15. HP: 100/115 MP: 0/0
 26274 | Orc:2    | Learned a level 6 spell: Eringya's Noxious Bog
 26344 | Orc:2    | Found a staircase to the Elven Halls.
 26434 | Orc:1    | Noticed Jorgrun
 26541 | Orc:1    | Killed Jorgrun
 27235 | Orc:2    | Reached skill level 14 in Dodging
 27235 | Orc:2    | Noticed an orc warlord
 27903 | Orc:2    | Killed an orc warlord
 28147 | Orc:2    | Found Cadifru's Antique Armour Shoppe.
 28149 | Orc:2    | Found Vewkee's Antique Weapon Emporium.
 28306 | Orc:2    | Found Hiloista's Assorted Antiques.
 28716 | Orc:2    | Found Cocazyog's Book Shop.
 28732 | Orc:2    | Bought a manual of Spellcasting for 1040 gold pieces
 29007 | Orc:1    | Found Jinlauta's Weapon Shop.
 30131 | D:13     | Upgraded the game from 0.29-a0-753-gb7bb9d756e to
                  | 0.29-a0-770-g2e8140cf71
 31324 | D:13     | Found a gate to the Vaults.
 32435 | D:14     | Noticed Louise
 32449 | D:14     | Killed Louise
 32801 | D:14     | Noticed Frances
 32816 | D:14     | Killed Frances
 33257 | D:15     | Entered Level 15 of the Dungeon
 33493 | D:15     | Reached XP level 16. HP: 118/124 MP: 0/0
 33601 | D:15     | Reached skill level 15 in Dodging
 33821 | D:15     | Found a staircase to the Depths.
 35152 | Shoals:1 | Entered Level 1 of the Shoals
 35152 | Shoals:1 | Noticed a kraken
 35165 | Shoals:1 | Killed a kraken
 35392 | Shoals:1 | Found a frozen archway.
 35403 | Shoals:1 | HP: 1/124 [ice statue/shard of ice (14)]
 35841 | Shoals:1 | Reached skill level 15 in Fighting
 35886 | IceCv    | Entered an ice cave
 36780 | IceCv    | Identified the +3 great sword of the Glowing Vulture {holy,
                  | Str+7}
 36868 | IceCv    | Reached skill level 16 in Dodging
 38133 | Shoals:1 | Reached XP level 17. HP: 96/132 MP: 0/0
 38133 | Shoals:1 | Learned a level 7 spell: Spellforged Servitor
 38325 | Shoals:2 | Noticed a kraken
 38338 | Shoals:2 | Killed a kraken
 39113 | Shoals:2 | Identified the +6 plate armour of Day {Dex+4}
 40203 | Shoals:3 | Noticed Ilsuiw
 40225 | Shoals:3 | Killed Ilsuiw
 40776 | Shoals:3 | Reached skill level 17 in Dodging
 41523 | Shoals:4 | Entered Level 4 of the Shoals
 41577 | Shoals:4 | Mangled by an alligator snapping turtle

Illustrated notes

Levels and vault maps discovered:
D:1:      sevenhm_arrival_forest_fort_small_6, layout_basic,
          dreamdust_ecumenical_altar_angels_and_demons
D:2:      layout_basic, basic_altar, uniq_crazy_yiuf_cottage
D:3:      layout_basic
D:4:      layout_loops_ring, minmay_temple_entry_proselytizer
D:5:      layout_cave_pools, uniq_edmund, uniq_eustachio, uniq_menkaure
D:6:      layout_rooms, nemelex_spade_bored_becter, uniq_maggie, uniq_pikel
D:7:      layout_loops_corners, serial_co_window_serial, co_window_corner_a,
          co_window_paths_a, co_window_of_opportunity_a, co_window_corner_a,
          co_window_cross_1, co_window_broadway_a, co_window_of_opportunity_b,
          co_window_broadway_c, co_window_cross_4, co_window_2corner,
          co_window_unsneaky_path_d, co_window_4corner_b, glass_columns_a,
          glass_columns_b, uniq_joseph
D:8:      layout_rooms, serial_corexii_hall, corexii_hall_statues_x,
          corexii_hall_statues_deadend, chequers_hall_statues_corner_a,
          chequers_hall_statues_wall_a, enter_bailey_5
D:9:      layout_roguey, gammafunk_ghost_smash
D:10:     layout_loops_ring, lair_entry_dummy, serial_shops,
          nicolae_inconvenience_store
D:11:     layout_loops_ring, orc_david_3, serial_co_window_serial,
          co_window_paths_b, co_window_corner_a, co_window_paths_a,
          co_window_paths_b, co_window_paths_b, co_window_corner_a,
          co_window_paths_b, co_window_corner_b, co_window_broadway_a,
          co_window_paths_c, co_window_2corner, co_window_4corner_a,
          glass_columns_a, uniq_josephine
D:12:     layout_rooms
D:13:     nicolae_BIG_FREAKIN_CUBE, layout_gridville
D:14:     layout_long_grid, uniq_frances, uniq_louise
D:15:     gammafunk_depths_entry_grave, layout_stronghold,
          hangedman_decor_clover_reticule, nicolae_underground_beach
Temple:   kilobyte_greek_temple
Lair:1:   layout_chaotic_city, kennysheep_rathole, grunt_megastairs_3
Lair:2:   beast_lair_carwin_large_4, layout_cave_pods,
          minmay_shoals_entry_beasts, guppyfry_snake_entry_garden,
          serial_bayou_shore_a, serial_bayou_shore_b, uniq_amaemon, uniq_sonja
Lair:3:   layout_regular_city, serial_forest, infiniplex_forest_clump_tiny,
          infiniplex_forest_lined_ring, infiniplex_forest_side_room,
          infiniplex_forest_clump_tiny, infiniplex_forest_lined_room_2,
          infiniplex_forest_clump_double
Lair:4:   layout_cave_shapes, pond, grunt_megastairs_2
Lair:5:   layout_small_grid, uniq_nessos
Lair:6:   minmay_lair_end_frog_pond, layout_hall_layers, slime_entry_2
Shoals:1: layout_shoals, portal_ice_cave_entry_ice_statue_two
Shoals:2: layout_shoals, nicolae_shoals_hidden_pirate_stash
Shoals:3: layout_shoals, hangedman_shoals_cup_caves, uniq_ilsuiw
Shoals:4: shoals_end_simple, layout_shoals
Orc:1:    layout_caves, serial_shops, nicolae_shop_stone, uniq_jorgrun
Orc:2:    grunt_orc_community_town_hall, layout_caves,
          grunt_orc_community_big_house_1, grunt_orc_community_big_house_1,
          grunt_orc_community_house_1, grunt_orc_community_house_2,
          grunt_orc_community_house_2, grunt_orc_community_house_3

Skill      XL: |  1  2  3  4  5  6  7  8  9 10 11 12 13 14 15 16 17 |
---------------+----------------------------------------------------+-----
Fighting       | 1 2 3 4 5 6 7 8 10 11 12 13 14 15 16 | 16.5
Spellcasting   | 4 5 6 7 8 9 10 11 12 14 | 14.9
Armour         | 3 4 6 |  6.2
Dodging        | 4 6 7 9 11 12 13 14 16 17 | 17.2
Shields        | 2 4 |  4.0
Stealth        | 2 5 7 9 |  9.0

Action                   |  1- 3 |  4- 6 |  7- 9 | 10-12 | 13-15 | 16-18 || total
-------------------------+-------+-------+-------+-------+-------+-------++-------
Melee: Spear             |     4 |    19 |       |    65 |    91 |    69 ||   248
 Cast: Magic Dart        |    59 |    84 |    99 |   228 |    54 |       ||   524
       Searing Ray       |     1 |     7 |    17 |    30 |     3 |     1 ||    59
       Iskenderun's Myst |       |     3 |    33 |   205 |   104 |    81 ||   426
       Mephitic Cloud    |       |       |     2 |       |       |       ||     2
       Borgnjor's Vile C |       |       |       |       |   363 |   209 ||   572
       Eringya's Noxious |       |       |       |       |    12 |    12 ||    24
       Fulminant Prism   |       |       |       |       |       |    10 ||    10
       Spellforged Servi |       |       |       |       |       |     4 ||     4
  Use: Scroll            |       |       |       |     4 |    21 |     3 ||    28
       Potion            |       |       |       |       |     1 |     1 ||     2
 Stab: Sleeping          |       |       |       |       |       |     1 ||     1
Armor: Leather armour    |       |     9 |     5 |    25 |    34 |    22 ||    95
Dodge: Dodged            |     3 |    13 |    15 |    95 |   177 |   171 ||   474
Block: Buckler           |       |       |       |    39 |   115 |    90 ||   244
       Reflection        |       |       |       |     2 |    28 |    16 ||    46

Table legend: (Time is in decaauts)
 A = Elapsed time spent in this place.
 B = Non-inter-level travel time spent in this place.
 C = Inter-level travel time spent in this place.
 D = Time resting spent in this place.
 E = Time spent auto-exploring this place.
 F = Levels seen in this place.
 G = Mean time per level.
                   A        B        C        D        E       F      G
               +--------+--------+--------+--------+--------+-----+--------+
         Total |  41649 |  39984 |   1665 |   3420 |  31197 |  30 | 1388.3 |
       Dungeon |  20692 |  19636 |   1056 |   1133 |  16243 |  15 | 1379.5 |
        Temple |    132 |    103 |     29 |      0 |     95 |   1 |  132.0 |
          Lair |   9913 |   9549 |    364 |   1232 |   6969 |   6 | 1652.2 |
        Shoals |   4566 |   4478 |     88 |      0 |   3769 |   4 | 1141.5 |
  Orcish Mines |   3509 |   3382 |    127 |   1055 |   1843 |   2 | 1754.5 |
        Bailey |   1550 |   1550 |      0 |      0 |   1300 |   1 | 1550.0 |
      Ice Cave |   1283 |   1283 |      0 |      0 |    978 |   1 | 1283.0 |
               +--------+--------+--------+--------+--------+-----+--------+

Top non-repeatable levels by time:
  Lair:2: 2729 daAuts
   Orc:2: 2056 daAuts
Shoals:3: 2025 daAuts
  Lair:3: 1845 daAuts
    D:15: 1773 daAuts
    D:11: 1772 daAuts
  Lair:6: 1730 daAuts
     D:4: 1638 daAuts
    D:14: 1592 daAuts
  Bailey: 1550 daAuts
  Lair:5: 1519 daAuts
     D:3: 1518 daAuts
     D:2: 1502 daAuts
  Lair:1: 1483 daAuts
    D:10: 1459 daAuts
